 Dungeon Crawl Stone Soup version 0.22-a0-379-ga9d99d6 (webtiles) character file.

3587 Falco the Thaumaturge (level 9, -12/49 HPs)
             Began as a Deep Elf Wanderer on Apr 28, 2018.
             Was a Follower of Ru.
             Mangled by a two-headed ogre
             ... wielding a +0 giant club
              (21 damage)
             ... on level 10 of the Dungeon.
             The game lasted 01:35:12 (11760 turns).

Falco the Thaumaturge (Deep Elf Wanderer)          Turns: 11760, Time: 01:35:12

Health: -12/49     AC:  4    Str:  8    XL:     9   Next: 85%
Magic:  1/25       EV: 14    Int: 21    God:    Ru [*.....]
Gold:   470        SH:  0    Dex: 15    Spells: 8/28 levels left

rFire    . . .     SeeInvis .   Q - staff of energy
rCold    . . .     Gourm    .   (no shield)
rNeg     . . .     Faith    +   d - +0 robe
rPois    .         Spirit   .   (no helmet)
rElec    .         Reflect  .   (no cloak)
rCorr    .         Harm     .   t - +1 pair of gloves {archery}
MR       ++...                  (no boots)
Stlth    ++........             A - amulet of faith
HPRegen  0.16/turn              s - ring of protection from magic
MPRegen  0.19/turn              R - ring of protection from magic

@: overwhelmed with horror, very slightly contaminated, drained
A: cowardly
a: Renounce Religion


You were on level 10 of the Dungeon.
You worshipped Ru.
Ru was aware of your devotion.
You were not hungry.

You visited 2 branches of the dungeon, and saw 11 of its levels.
You also visited: Sewer.

You collected 470 gold pieces.

Inventory:

Hand Weapons
 n - a +1 dagger of electrocution
 p - a +1 dagger of speed
 z - a +2 dagger of draining
 C - a +2 mace of protection
 D - a +0 hand axe of chopping
 K - a +2 flail of holy wrath
 T - a cursed +2 scimitar
Missiles
 b - 173 stones
 k - 23 tomahawks (quivered)
 l - 32 poisoned needles
 v - 117 arrows
 B - 4 poisoned tomahawks
 H - 2 throwing nets
Armour
 d - a +0 robe (worn)
 e - the +4 ring mail of the Duchess {Regen+ Dex+4}
   (You found it on level 4 of the Dungeon)

   It affects your dexterity (+4).
   It increases your rate of regeneration.
 t - a +1 pair of gloves of archery (worn)
 x - a +3 leather armour
 E - a +0 troll leather armour {Purgy}
 U - a +0 buckler
Magical Staves
 Q - an uncursed staff of energy (weapon)
Jewellery
 i - an uncursed amulet of harm
 s - a ring of protection from magic (left hand)
 A - an amulet of faith (around neck)
 G - an uncursed ring of poison resistance
 R - a ring of protection from magic (right hand)
Wands
 I - a wand of disintegration (12)
 M - a wand of enslavement (8)
 N - a wand of flame (9)
 O - a wand of random effects (58)
Scrolls
 a - a scroll of fear {unknown}
 g - a scroll of enchant weapon {unknown}
 m - 2 scrolls of enchant armour {unknown}
 o - 2 scrolls of fog {unknown}
 q - 4 scrolls of blinking {unknown}
 r - 2 scrolls of noise {unknown}
 u - 5 scrolls of magic mapping {unknown}
 w - 4 scrolls of remove curse {unknown}
 y - 2 scrolls of amnesia {unknown}
Potions
 c - 2 potions of lignification
 h - 2 potions of might {unknown}
 j - 3 potions of agility {unknown}
 F - 5 potions of degeneration {unknown}
 J - a potion of magic {unknown}
 L - 2 potions of flight {unknown}
 P - 2 potions of ambrosia {unknown}
 S - a potion of resistance {unknown}
Comestibles
 f - 5 rations


   Skills:
 + Level 2.6(1.9) Fighting
 + Level 1.3(0.6) Short Blades
 + Level 0.3(0.0) Staves
 + Level 3.7(3.0) Throwing
 + Level 4.0(3.3) Armour
 + Level 4.1(3.4) Dodging
 + Level 3.4(2.7) Stealth
 + Level 10.4(9.6) Spellcasting
 + Level 4.1(3.4) Conjurations
 + Level 0.9(0.2) Summonings
 + Level 8.7(7.9) Ice Magic
 + Level 0.1(0.0) Earth Magic
 + Level 1.5(0.8) Evocations


You had 8 spell levels left.
You knew the following spells:

 Your Spells              Type           Power        Failure   Level  Hunger
a - Freeze                Ice            ###.         1%          1    None
b - Magic Dart            Conj           ##..         1%          1    None
c - Throw Frost           Conj/Ice       ###...       1%          2    None
d - Ozocubu's Armour      Chrm/Ice       ##......     4%          3    None
e - Stone Arrow           Conj/Erth      #.....       10%         3    None
f - Throw Icicle          Conj/Ice       ###.....     6%          4    None
g - Summon Ice Beast      Ice/Summ       ##......     12%         4    None
h - Searing Ray           Conj           ##....       2%          2    None


Dungeon Overview and Level Annotations

Branches:
Dungeon (10/15)            Temple (1/1) D:5
   Lair: D:8-11         Orc: D:9-12

Altars:
Ashenzari
Cheibriados
Elyvilon
Fedhas
Gozag
Hepliaklqana
Kikubaaqudgha
Makhleb
Nemelex Xobeh
Qazlal
Ru
Sif Muna
Trog
Uskayaw
Vehumet
Wu Jian
Xom
Yredelemnul
Zin
The Shining One

Annotations:
D:3 Alphaeus's ghost, amateur MiCK
D:6 1 transporter


Innate Abilities, Weirdness & Mutations

Your cowardice makes you less effective in combat with threatening monsters.


Message History

The killer bee stings your ice beast.
Your ice beast barely misses the killer bee.
The killer bee stings your ice beast. The killer bee stings your ice beast.
Your ice beast dies!
You climb downwards. 5 killer bees and a two-headed ogre come into view.
The two-headed ogre shouts in stereo!
The killer bee buzzes angrily. x4
The two-headed ogre closely misses you. x2
The killer bee buzzes angrily.
The killer bee stings you.
Monsters!
Monsters everywhere!
You have to get out of here!
Found a tubular glass ring.
A worker ant comes into view.
There is a stone staircase leading up here.
The killer bee stings you.
The two-headed ogre hits you with a giant club!
* * * LOW HITPOINT WARNING * * *
The two-headed ogre hits you with a giant spiked club!!
You die...

#####.####
#.@yy.....
#yOy......
#.y.......
#.........
..........
........a..
...........
#...=.......


You could see a two-headed ogre, a worker ant and 5 killer bees.

Vanquished Creatures
  Pikel (D:6)
  The ghost of gressup the Fighter, a novice VSSu of Sif Muna (D:7)
  The ghost of GoodGuyCap the Shield-Bearer, an amateur HuFi (D:4)
  Edmund (D:5)
  Purgy (Sewer)
  A sky beast (D:4)
  2 ice beasts (D:7)
  3 ogres
  A phantom (D:8)
  2 centaurs
  Blork the orc (D:5)
  A bullfrog (D:9)
  A scorpion (D:7)
  2 wights (D:9)
  A bullfrog zombie (D:9)
  A crimson imp (D:5)
  A jelly (D:5)
  2 hounds
  7 orc wizards
  2 bullfrog skeletons
  A centaur skeleton (D:7)
  2 iguanas
  Terence (D:4)
  6 worker ants
  2 killer bee zombies (D:8)
  2 hound skeletons
  4 gnolls (D:7)
  4 adders
  A river rat (D:5)
  A shadow imp (D:6)
  4 worms
  2 leopard geckos (D:1)
  37 orcs
  6 bats
  6 giant cockroaches
  5 goblins
  3 hobgoblins
  8 jackals
  6 kobolds
  A quokka (D:8)
  6 ball pythons
  8 frilled lizards
  A jackal skeleton (D:8)
  A quokka zombie (D:5)
  7 rats
158 creatures vanquished.

Vanquished Creatures (collateral kills)
  A phantom (D:9)
  2 killer bees (D:9)
  A wight (D:9)
  3 howler monkeys (D:9)
  A centaur zombie (D:9)
  A centaur skeleton (D:9)
  2 orc wizards (D:9)
  A worker ant (D:9)
  An adder (D:9)
  3 orcs (D:9)
16 creatures vanquished.

Vanquished Creatures (others)
  A slave (D:9)
  2 bullfrogs (D:6)
  A quasit (D:9)
  3 jackals (D:6)
  5 plants
12 creatures vanquished.

Grand Total: 186 creatures vanquished

Notes
Turn   | Place    | Note
-------+----------+-------------------------------------------
     0 | D:1      | Falco the Deep Elf Wanderer began the quest for the Orb.
     0 | D:1      | Falco set off with: a potion of lignification, a +0 robe, a +0 dagger, a ration
     0 | D:1      | Reached XP level 1. HP: 12/12 MP: 5/5
     2 | D:1      | Learned a level 1 spell: Freeze
     4 | D:1      | Learned a level 1 spell: Magic Dart
   165 | D:1      | Reached XP level 2. HP: 12/16 MP: 1/6
   179 | D:1      | Learned a level 2 spell: Throw Frost
   898 | D:2      | Found a blossoming altar of Fedhas.
  1028 | D:2      | Found a glowing silver altar of Zin.
  1125 | D:2      | Reached XP level 3. HP: 17/20 MP: 4/7
  2429 | D:3      | Noticed Terence
  2465 | D:3      | Noticed Alphaeus's ghost (amateur MiCK)
  2778 | D:3      | HP: 1/20 [worm (12)]
  3286 | D:3      | Reached skill level 2 in Spellcasting
  3286 | D:3      | Reached skill level 5 in Ice Magic
  3286 | D:3      | Reached XP level 4. HP: 25/25 MP: 3/9
  3350 | D:4      | Noticed an ogre
  3379 | D:4      | Killed an ogre
  3379 | D:4      | Reached skill level 1 in Dodging
  3379 | D:4      | Reached skill level 3 in Spellcasting
  3379 | D:4      | Reached skill level 1 in Conjurations
  3379 | D:4      | Reached XP level 5. HP: 13/29 MP: 1/12
  3607 | D:4      | Learned a level 3 spell: Ozocubu's Armour
  3611 | D:4      | Learned a level 3 spell: Stone Arrow
  3826 | D:4      | Found an ancient bone altar of Kikubaaqudgha.
  4015 | D:4      | Found an ornate altar of the Wu Jian Council.
  4017 | D:4      | Found an opulent altar of Gozag.
  4018 | D:4      | Found a blossoming altar of Fedhas.
  4084 | D:4      | Got an ancient ring mail
  4095 | D:4      | Identified the +4 ring mail of the Duchess {Regen+ Dex+4} (You found it on level 4 of the Dungeon)
  4254 | D:4      | Noticed an ogre
  4265 | D:4      | Killed an ogre
  4265 | D:4      | Reached skill level 4 in Spellcasting
  4265 | D:4      | Reached XP level 6. HP: 27/35 MP: 12/15
  4280 | D:4      | Killed Terence
  4280 | D:4      | Reached skill level 5 in Spellcasting
  4405 | D:4      | Noticed a sky beast
  4411 | D:4      | Killed a sky beast
  4507 | D:4      | Noticed GoodGuyCap's ghost (amateur HuFi)
  4521 | D:4      | Killed GoodGuyCap's ghost
  4521 | D:4      | Reached skill level 1 in Short Blades
  4521 | D:4      | Reached skill level 1 in Throwing
  4521 | D:4      | Reached skill level 6 in Spellcasting
  4521 | D:4      | Reached XP level 7. HP: 19/39 MP: 0/18
  4633 | D:4      | Learned a level 4 spell: Throw Icicle
  4638 | D:4      | Learned a level 4 spell: Summon Ice Beast
  4708 | D:5      | Entered Level 5 of the Dungeon
  4735 | D:5      | Noticed Blork the orc
  4743 | D:5      | Killed Blork the orc
  4956 | D:5      | Found a hazy altar of Hepliaklqana.
  5079 | D:5      | Found a shattered altar of Ashenzari.
  5107 | D:5      | Found a glowing drain.
  5135 | Sewer    | Entered a sewer
  5322 | Sewer    | Noticed Purgy
  5331 | Sewer    | Killed Purgy
  5331 | Sewer    | Reached skill level 7 in Spellcasting
  5516 | D:5      | Learned a level 2 spell: Searing Ray
  5649 | D:5      | Noticed Edmund
  5694 | D:5      | Killed Edmund
  5694 | D:5      | Reached XP level 8. HP: 36/44 MP: 3/21
  5842 | D:5      | Found a basalt altar of Yredelemnul.
  5914 | D:5      | Found a staircase to the Ecumenical Temple.
  5921 | Temple   | Entered the Ecumenical Temple
  6059 | Temple   | Became a worshipper of Ru the Awakened
  6569 | D:6      | Noticed Pikel
  6588 | D:6      | Killed Pikel
  6588 | D:6      | Reached skill level 8 in Spellcasting
  6591 | D:6      | Found a hide-covered altar of Uskayaw.
  6592 | D:6      | Noticed a hand axe
  6594 | D:6      | Noticed a dagger
  6634 | D:6      | Found a transporter.
  6635 | D:6      | Noticed a kobold demonologist
  6644 | D:6      | Noticed a kobold demonologist
  6649 | D:6      | Found a transporter.
  6654 | D:6      | Found a sparkling altar of Nemelex Xobeh.
  6715 | D:6      | Noticed a rust devil
  6716 | D:6      | Noticed an orange demon
  6717 | D:6      | Noticed an ice devil
  6730 | D:6      | Found a radiant altar of Vehumet.
  6839 | D:6      | Noticed a rust devil
  7378 | D:6      | Noticed a smoke demon
  7487 | D:7      | Reached skill level 9 in Spellcasting
  7493 | D:7      | Noticed gressup's ghost (novice VSSu)
  7691 | D:7      | Killed gressup's ghost
  7691 | D:7      | Reached XP level 9. HP: 45/48 MP: 17/24
  7766 | D:7      | Found a shimmering altar of Xom.
  7799 | D:7      | Gained mutation: Your cowardice makes you less effective in combat with threatening monsters. [Ru sacrifice]
  7799 | D:7      | Reached * piety under Ru
  9870 | D:8      | Reached skill level 10 in Spellcasting
 10481 | D:8      | You fall through a shaft for 2 floors!
 10481 | D:10     | Entered Level 10 of the Dungeon
 11759 | D:10     | Noticed a two-headed ogre
 11760 | D:10     | Mangled by a two-headed ogre

Vault maps used:
D:1:      minmay_arrival_shattered_statue, minmay_close_crescents
D:2:      overflow_temple_1_default, moated_statue, fedhas_altar_1
D:3:      uniq_terence
D:4:      minmay_door_path, grunt_temple_overflow_open, first_ration
D:5:      lemuel_crystal_altar, lemuel_doored_altar, lemuel_round_altar,
          minmay_temple_entry_trees, portal_sewer_entry_a, uniq_blork_the_orc,
          uniq_edmund
D:6:      gammafunk_wand_slinger, dancing_weapons_uskayaw, lemuel_crystal_altar,
          nemelex_xobeh_ov_fountains_minmay, uniq_pikel
D:7:      nicolae_overflow_hidden_temple, basic_altar
D:9:      kennysheep_mini, serial_shops, shop, hangedman_ranch
Temple:   dpeg_three_leaves_temple
Sewer:    sewer_co_purgy_island

Skill      XL: |  1  2  3  4  5  6  7  8  9 |
---------------+----------------------------+-----
Armour         | 2 3 4 |  4.0
Stealth        | 2 3 |  3.4
Spellcasting   | 2 3 4 6 7 9 10 | 10.4
Ice Magic      | 5 6 7 8 |  8.7
Dodging        | 1 2 4 |  4.1
Conjurations   | 1 2 3 4 |  4.1
Short Blades   | 1 |  1.3
Throwing       | 1 3 |  3.7
Fighting       | 2 |  2.6
Staves         | |  0.3
Summonings     | |  0.9
Earth Magic    | |  0.1
Evocations     | |  1.5

Action                   |  1- 3 |  4- 6 |  7- 9 || total
-------------------------+-------+-------+-------++-------
Melee: Dagger            |   116 |    26 |    83 ||   225
       Staff             |       |       |   145 ||   145
Throw: Tomahawk          |       |     7 |    74 ||    81
       Stone             |       |     1 |       ||     1
 Cast: Magic Dart        |    55 |    13 |    43 ||   111
       Freeze            |    21 |    19 |   139 ||   179
       Throw Frost       |     1 |    24 |    58 ||    83
       Summon Ice Beast  |       |       |    19 ||    19
       Searing Ray       |       |       |    12 ||    12
       Stone Arrow       |       |       |     5 ||     5
       Throw Icicle      |       |       |     1 ||     1
Invok: Sacrifice Courage |       |       |     1 ||     1
Evoke: Wand              |       |       |    17 ||    17
  Use: Scroll            |     5 |     2 |     4 ||    11
       Potion            |     5 |       |     7 ||    12
 Stab: Sleeping          |     5 |       |     3 ||     8
  Eat: Ration            |     3 |     1 |     7 ||    11
Armor: Robe              |    27 |       |     8 ||    35
       Leather armour    |    11 |       |       ||    11
       Skin              |     2 |       |       ||     2
       Ring mail         |       |     4 |   171 ||   175
Dodge: Dodged            |    82 |    17 |   268 ||   367

Table legend:
 A = Spawn XP
 B = Non-spawn XP
 C = Spawn XP percentage of total XP
 D = Spawn monster count
 E = Non-spawn monster count
 F = Spawn count percentage of total count
 G = Total turns spent on level
                    A         B        C        D         E        F      G
               +---------+---------+-------+---------+---------+-------+---------
         Total |       0 |    5125 |   0.0 |       0 |     174 |   0.0 | 11760
               +---------+---------+-------+---------+---------+-------+---------
           D:1 |       0 |      27 |   0.0 |       0 |      16 |   0.0 |   889
           D:2 |       0 |      38 |   0.0 |       0 |      17 |   0.0 |  1001
           D:3 |       0 |      61 |   0.0 |       0 |       8 |   0.0 |  1448
           D:4 |       0 |     756 |   0.0 |       0 |      22 |   0.0 |  1370
           D:5 |       0 |     677 |   0.0 |       0 |      27 |   0.0 |  1327
           D:6 |       0 |     777 |   0.0 |       0 |       6 |   0.0 |  1052
           D:7 |       0 |    1229 |   0.0 |       0 |      23 |   0.0 |  1826
           D:8 |       0 |     580 |   0.0 |       0 |      18 |   0.0 |  1039
           D:9 |       0 |     815 |   0.0 |       0 |      28 |   0.0 |  1274
         Sewer |       0 |     165 |   0.0 |       0 |       9 |   0.0 |   377
               +---------+---------+-------+---------+---------+-------+---------
